 Dungeon Crawl Stone Soup version 0.30.0-29-ga12c61a403 (webtiles) character file.

Game seed: 9413511090138701049

2818 cheesebisquit the Trooper (level 9, 0/79 HPs)
             Began as a Ghoul Gladiator on June 6, 2023.
             Was a Follower of Yredelemnul.
             Slain by an ice beast (4 damage)
             ... on level 7 of the Dungeon.
             The game lasted 00:17:58 (6296 turns).

cheesebisquit the Trooper (Ghoul Gladiator)         Turns: 6296, Time: 00:17:59

Health: 0/79       AC: 14    Str: 18    XL:     9   Next: 72%
Magic:  8/8        EV: 13    Int:  7    God:    Yredelemnul [*.....]
Gold:   297        SH:  0    Dex: 10    Spells: 8/8 levels left

rFire   . . .        B - +0 battleaxe
rCold   + . .        (shield currently unavailable)
rNeg    + + +        b - +1 chain mail
rPois   ∞            c - +2 helmet
rElec   .            s - scarf {shadows}
rCorr   .            (no gloves)
SInv    .            (no boots)
Will    .....        (no amulet) Stlth
                     w - +5 ring of evasion
HPRegen 0.00/turn    (no ring)
MPRegen 0.11/turn

%: no passive effects
@: inhibited regen
A: claws 1, cold resistance 1, negative energy resistance 3, inhibited
regeneration, torment resistance 2, devour on kill
a: Renounce Religion, Recall Undead Harvest


You were on level 7 of the Dungeon.
You worshipped Yredelemnul.
Yredelemnul was noncommittal.
You visited 2 branches of the dungeon, and saw 8 of its levels.

You collected 297 gold pieces.

Inventory:

Hand Weapons
 a - a +0 war axe
 B - a +0 battleaxe (weapon)
Missiles
 d - a throwing net
 e - 5 javelins
 i - 2 silver javelins
 z - 9 poisoned darts (quivered)
Armour
 b - a +1 chain mail (worn)
 c - a +2 helmet (worn)
 h - a +1 leather armour of poison resistance
 s - a scarf of shadows (worn)
Jewellery
 p - a ring of fire
 w - a +5 ring of evasion (left claw)
 E - a ring of magical power
Scrolls
 f - a scroll of immolation {unknown}
 g - a scroll of summoning {unknown}
 l - a scroll of blinking
 n - a scroll of brand weapon {unknown}
 r - a scroll of amnesia
 v - a scroll of poison {unknown}
 x - a scroll of teleportation
 y - 2 scrolls of noise {unknown}
 D - a scroll of magic mapping {unknown}
 G - a scroll of silence
 H - a scroll of vulnerability {unknown}
Potions
 j - a potion of magic {unknown}
 k - 3 potions of brilliance
 m - 2 potions of mutation
 o - a potion of heal wounds {unknown}
 q - a potion of might {unknown}
 t - a potion of degeneration {unknown}
 u - a potion of berserk rage {unknown}
 C - a potion of flight {unknown}
 F - a potion of haste {unknown}


   Skills:
 + Level 7.2 Fighting
 * Level 7.1 Axes
 + Level 6.0 Throwing
 + Level 5.5 Armour
 - Level 2.6 Dodging


You had 8 spell levels left.
You didn't know any spells.
Your spell library contained the following spells:

 Spells                   Type           Power      Damage    Failure   Level
 Slow                     Hex            0%         N/A       98%         1
 Portal Projectile        Hex/Tloc       0%         N/A       100%        3
 Tukima's Dance           Hex            0%         N/A       100%        3
 Blade Hands              Tmut           Unusable   N/A       N/A         5

Dungeon Overview and Level Annotations

Branches:
Dungeon (7/15)             Temple (1/1) D:6

Altars:
Ashenzari
Cheibriados
Dithmenos
Fedhas
Gozag
Hepliaklqana
Kikubaaqudgha
Nemelex Xobeh
Okawaru
Qazlal
Ru
Sif Muna
Trog
Uskayaw
Vehumet
Wu Jian
Xom
Yredelemnul

Shops:
D:3 :


Innate Abilities, Weirdness & Mutations

You are immune to poison.
You have sharp fingernails.
Your flesh is cold resistant. (rC+)
You are immune to negative energy. (rN+++)
You do not regenerate when monsters are visible.
You are immune to unholy pain and torment.
You thrive by killing the living.


Message History

The howler monkey barely misses your ice beast zombie.
Your ice beast zombie closely misses the howler monkey.
The ice beast closely misses you.
The water moccasin bites your komodo dragon zombie but does no damage.
Your komodo dragon zombie completely misses the water moccasin.
The howler monkey hoots and howls with incredible vigour!
You hear a shout!
You hear a howl!
You hear a bark!
You closely miss the ice beast.
The ice beast is almost dead.
The water moccasin bites your komodo dragon zombie.
The ice beast hits you.
* * * LOW HITPOINT WARNING * * *
The ice beast freezes you! You resist.
* * * LOW HITPOINT WARNING * * *
Your ice beast zombie closely misses the howler monkey.
The howler monkey hits your ice beast zombie.
Your komodo dragon zombie bites the water moccasin!
The water moccasin completely misses your komodo dragon zombie.
The ice beast hits you but does no damage.
You barely miss the ice beast.
The ice beast is almost dead.
The water moccasin bites your komodo dragon zombie.
The howler monkey hits your ice beast zombie but does no damage.
Your ice beast zombie barely misses the howler monkey.
Your komodo dragon zombie barely misses the water moccasin.
The water moccasin bites your komodo dragon zombie.
A splash of acid appears from out of your range of vision.
The splash of acid hits your komodo dragon zombie!
The ice beast closely misses you.
The howler monkey barely misses your ice beast zombie.
Your ice beast zombie hits the howler monkey.
You hit the ice beast but do no damage.
The ice beast is almost dead.
The water moccasin bites your komodo dragon zombie.
The howler monkey hits your ice beast zombie.
The ice beast hits you.
* * * LOW HITPOINT WARNING * * *
The ice beast freezes you. You resist.
You die...
Yredelemnul claims you as an undead slave.

....).[<##.########.#######
...##...##.# ♣♣♣♣♣.♣♣♣♣♣
#####...##.#♣♣♣.........♣♣♣
##.....#...............#
#.#Z#.#♣♣♣....Z....♣♣♣#
#.#...# ♣♣♣♣♣Z♣♣♣♣♣ #######
#.# ♣♣♣♣♣♣♣h♣
♣PP.@)Z♣...PPP
♣P~.Y)###..P~P


♣PPPZ.# .oPPP ♣...S.# .... ♣...... .... ♣.###..P ##. .♣ ./.~ You could see a
water moccasin (distracted), an ice beast (ally target), a howler monkey (ally
target), a friendly komodo dragon zombie and a friendly ice beast zombie.

Vanquished Creatures
  A komodo dragon (D:7)
  A hornet (D:7)
  Sigmund (D:6)
  Menkaure (D:7)
  A water moccasin (D:7)
  An orc warrior (D:7)
  3 ice beasts
  A black bear (D:6)
  2 ogres
  2 centaurs
  4 scorpions
  A gnoll sergeant (D:6)
  A hound (D:6)
  A jelly (D:6)
  A gnoll bouda (D:5)
  An iguana (D:4)
  2 orc priests
  Jessica (D:2)
  A sleepcap (D:3)
  6 orc wizards
  14 gnolls
  8 adders
  A white imp (D:6)
  2 worms
  2 dart slugs
  18 orcs
  8 ball pythons
  5 bats
  11 endoplasms
  3 giant cockroaches (D:1)
  7 goblins
  5 hobgoblins
  8 jackals
  4 quokkas
  8 kobolds
  2 rats
139 creatures vanquished.

Vanquished Creatures (collateral kills)
  A black bear (D:6)
  A sleepcap (D:7)
  2 orc wizards (D:7)
  2 orcs (D:7)
6 creatures vanquished.

Vanquished Creatures (others)
  A water moccasin zombie (D:7)
  2 orc zombies (D:7)
3 creatures vanquished.

Grand Total: 148 creatures vanquished

Notes
Turn   | Place    | Note
-------+----------+-------------------------------------------
     0 | D:1      | cheesebisquit the Ghoul Gladiator began the quest for the
                  | Orb.
     0 | D:1      | Reached XP level 1. HP: 17/17 MP: 0/0
   174 | D:1      | Reached XP level 2. HP: 25/25 MP: 1/1
   368 | D:1      | Reached XP level 3. HP: 26/30 MP: 2/2
   410 | D:1      | Found a faded altar of an unknown god.
   690 | D:1      | Reached skill level 1 in Armour
  1311 | D:2      | Reached XP level 4. HP: 37/37 MP: 3/3
  1336 | D:2      | Identified the +2 helmet of Watchfulness {rCorr Slay-6
                  | Stlth+}
  1478 | D:2      | Noticed Jessica
  1485 | D:2      | Killed Jessica
  1490 | D:2      | Got Jessica's Catalogue of Curses
  1977 | D:3      | Reached XP level 5. HP: 32/45 MP: 4/4
  2120 | D:3      | Found Wegoeh's Book Emporium.
  2496 | D:4      | Noticed an ogre
  2572 | D:4      | Killed an ogre
  2573 | D:4      | Reached XP level 6. HP: 52/52 MP: 5/5
  3329 | D:5      | Entered Level 5 of the Dungeon
  3347 | D:5      | Reached XP level 7. HP: 60/60 MP: 6/6
  3597 | D:5      | Reached skill level 5 in Fighting
  3834 | D:5      | Reached XP level 8. HP: 39/68 MP: 7/7
  3869 | D:5      | Reached skill level 5 in Axes
  4506 | D:6      | Noticed Sigmund
  4583 | D:6      | Killed Sigmund
  4584 | D:6      | Reached skill level 5 in Throwing
  4792 | D:6      | HP: 3/70 [hound (2)]
  5004 | D:6      | Reached XP level 9. HP: 77/77 MP: 8/8
  5077 | D:6      | Found a staircase to the Ecumenical Temple.
  5086 | Temple   | Entered the Ecumenical Temple
  5235 | Temple   | Became a worshipper of Yredelemnul the Dark
  5573 | D:6      | Reached * piety under Yredelemnul
  5887 | D:7      | Noticed a hornet
  5903 | D:7      | Killed a hornet
  5904 | D:7      | Reached skill level 5 in Armour
  6139 | D:7      | Noticed Menkaure
  6142 | D:7      | Killed Menkaure
  6275 | D:7      | Noticed a komodo dragon
  6288 | D:7      | Killed a komodo dragon
  6296 | D:7      | Slain by an ice beast

Illustrated notes

Levels and vault maps discovered:
D:1:      dpeg_arrival_prison, layout_loops_ring,
          hellmonk_ecumenical_altar_slurped_away, chequers_serial_rivers_room_b
D:2:      layout_loops_corners, serial_park_tiny_2, kennysheep_jessica_study
D:3:      layout_basic, serial_shops, nicolae_shop_trees, hangedman_decor_push,
          minmay_door_square
D:4:      minmay_chambers_of_fours, layout_cave_pools
D:5:      layout_rooms, glass_columns_a
D:6:      layout_cave_pools, temple_fountains, uniq_sigmund
D:7:      nzn_winding_woodlands_cross [nzn_winding_woodlands_5x15_longhouse,
          nzn_winding_woodlands_5x15_jagged, nzn_winding_woodlands_5x15_default,
          nzn_winding_woodlands_5x15_sawtooth,
          nzn_winding_woodlands_15x15_five_gardens], layout_basic, uniq_maggie,
          uniq_menkaure
Temple:   mainiacjoe_temple_cubbyholes

Skill      XL: |  1  2  3  4  5  6  7  8  9 |
---------------+----------------------------+-----
Throwing       | 2 3 4 5 6 |  6.0
Axes           | 3 4 5 7 |  7.1
Armour         | 1 2 3 4 5 |  5.5
Fighting       | 3 4 5 6 7 |  7.2
Dodging        | |  2.6

Action                     |  1- 3 |  4- 6 |  7- 9 || total
---------------------------+-------+-------+-------++-------
  Melee: War axe           |   125 |   156 |    25 ||   306
         Punch             |     1 |     2 |       ||     3
         Battleaxe         |       |       |   232 ||   232
  Throw: Throwing net      |       |     4 |       ||     4
         Dart              |       |    13 |     9 ||    22
  Evoke: Wand              |       |       |     5 ||     5
    Use: Scroll            |       |     4 |     7 ||    11
         Potion            |       |       |     6 ||     6
   Stab: Held in net/web   |       |     1 |       ||     1
         Distracted        |       |       |     1 ||     1
 Armour: Leather armour    |    22 |       |       ||    22
         Ring mail         |    21 |       |       ||    21
         Chain mail        |    19 |    93 |   210 ||   322
  Dodge: Dodged            |   100 |   131 |   275 ||   506
